 Dungeon Crawl Stone Soup version 0.25-a0-189-gf71692caf1 (webtiles) character file.

Game seed: 12902513457271226399, levelgen mode: deterministic

5334 kae the Cleaver (level 10, -2/77 HPs)
             Began as a Hill Orc Fighter on Nov 29, 2019.
             Was an Elder of Okawaru.
             Slain by an orc warrior
             ... wielding a +0 scimitar
              (6 damage)
             ... on level 9 of the Dungeon.
             The game lasted 00:08:59 (10633 turns).

kae the Cleaver (Hill Orc Fighter)                 Turns: 10633, Time: 00:09:00

Health: -2/77      AC: 11    Str: 29    XL:     10   Next: 64%
Magic:  15/17      EV: 12    Int:  8    God:    Okawaru [****..]
Gold:   182        SH:  0    Dex: 10    Spells: 9/9 levels left

rFire    + . .     SeeInvis .   C - +9 triple sword "Osoarop" {pain, +Blink rPois rF+}
rCold    + . .     Gourm    .   (shield currently unavailable)
rNeg     . . .     Faith    .   b - +0 scale mail
rPois    +         Spirit   .   (no helmet)
rElec    .         Reflect  .   y - +0 cloak {MR+}
rCorr    .         Harm     .   B - +1 pair of gloves {Str+3}
MR       ++...                  (no boots)
Stlth    +.........             (no amulet)
HPRegen  0.22/turn              k - +3 ring of strength
MPRegen  0.15/turn              z - ring of the Crushed Friends {*Corrode +Blink rPois rC+ MR+}

@: heroism, lightly drained
A: no striking features
a: Heroism, Renounce Religion, Evoke Blink


You were on level 9 of the Dungeon.
You worshipped Okawaru.
Okawaru was greatly pleased with you.
You were hungry.

You visited 1 branch of the dungeon, and saw 9 of its levels.

You collected 235 gold pieces.
You spent 53 gold pieces at shops.

Inventory:

Hand Weapons
 a - a +1 war axe
 C - the +9 triple sword "Osoarop" (weapon) {pain, +Blink rPois rF+}
   (You found it on level 8 of the Dungeon)

   In the hands of one skilled in necromantic magic, it inflicts extra damage on
   living creatures.
   It protects you from fire.
   It protects you from poison.
   It lets you blink.
Armour
 b - a +0 scale mail (worn)
 c - a +1 shield
 y - a +0 cloak of magic resistance (worn)
 B - a +1 pair of gloves of strength (worn)
Jewellery
 e - an uncursed ring of see invisible
 i - an uncursed amulet of harm
 k - a +3 ring of strength (left hand)
 z - the ring of the Crushed Friends (right hand) {*Corrode +Blink rPois rC+ MR+}
   (You found it on level 6 of the Dungeon)

   [ring of protection from magic]

   It protects you from cold.
   It protects you from poison.
   It affects your resistance to hostile enchantments.
   It lets you blink.
   It may corrode you when you take damage.
Wands
 t - a wand of digging (5)
 w - a wand of random effects (13)
 D - a wand of flame (17)
Scrolls
 h - 7 scrolls of teleportation
 j - 9 scrolls of remove curse
 l - a scroll of blinking
 n - a scroll of magic mapping
 p - 2 scrolls of enchant weapon
Potions
 d - a potion of might
 g - a potion of mutation
 m - a potion of haste
 o - a potion of brilliance
 q - a potion of cancellation
 r - 2 potions of invisibility
 s - a potion of heal wounds
 u - a potion of lignification
 v - 2 potions of curing
 x - a potion of magic
 A - 2 potions of agility
Comestibles
 f - 24 rations


   Skills:
 - Level 3.6(8.1) Fighting
 * Level 6.2(10.6) Long Blades
 - Level 14.8(19.2) Axes
 - Level 3.2(7.7) Armour
 - Level 3.2(7.7) Shields
 - Level 10.3(9.8) Invocations


You had 9 spell levels left.
You didn't know any spells.
Your spell library was empty.

Dungeon Overview and Level Annotations

Branches:
Dungeon (9/15)             Temple (0/1) D:5
   Lair: D:8-11         Orc: D:9-12

Altars:
Ashenzari
Fedhas
Gozag
Hepliaklqana
Okawaru
Ru
Sif Muna
Trog
Uskayaw
Vehumet
Xom

Shops:
D:7 **


Message History

The orc warrior hits you with a +0 scimitar! x2
You are too injured to fight recklessly!
You are too injured to fight recklessly!
You are too injured to fight recklessly!
You are too injured to fight recklessly!
You are too injured to fight recklessly!
You are too injured to fight recklessly!
You are too injured to fight recklessly!
You closely miss the orc warrior.
The orc warrior hits you with a +0 scimitar!!
* * * LOW HITPOINT WARNING * * *
You gain the combat prowess of a mighty hero.
The orc warrior barely misses you.
You closely miss the orc warrior.
The orc warrior hits you with a +0 scimitar!!
* * * LOW HITPOINT WARNING * * *
You hit the orc warrior.
The orc warrior is moderately wounded.
The orc warrior hits you with a +0 scimitar.
You die...

###########
#..oo@....#
....$.#####.# #.#
###.#.#####.#####.#
#.# #
#....>........# #.#
#######.####### #.#
#.##########.#
##.##......##.#
#...#.####.##.#
#.....####.....


You could see an orc warrior and an orc wizard.

Vanquished Creatures
  A two-headed ogre (D:8)
  Prince Ribbit (D:5)
  A hippogriff (D:8)
  A wyvern (D:8)
  2 steam dragons (D:7)
  Edmund (D:5)
  3 orc warriors (D:8)
  2 sky beasts (D:7)
  2 ice beasts
  2 phantoms
  A necrophage (D:8)
  3 ogres
  4 centaurs
  A crocodile (D:8)
  A big kobold (D:8)
  Blork the orc (D:8)
  5 bullfrogs
  A gnoll sergeant (D:8)
  A water moccasin skeleton (D:8)
  4 killer bees (D:7)
  7 wights
  A howler monkey (D:4)
  A crimson imp (D:5)
  A centaur zombie (D:6)
  2 bullfrog zombies
  A hound (D:8)
  3 jellies
  Crazy Yiuf (D:5)
  4 orc priests
  2 bullfrog skeletons
  5 orc wizards
  A centaur skeleton (D:5)
  2 iguanas
  5 worker ants
  A hound zombie (D:7)
  2 worker ant zombies
  14 gnolls
  11 adders
  An ooze (D:2)
  A worm (D:3)
  3 dart slugs
  4 leopard geckos
  34 orcs
  9 bats
  2 giant cockroaches
  8 goblins
  15 hobgoblins
  6 jackals
  4 quokkas
  A ball python (D:7)
  4 frilled lizards
  12 kobolds
  A leopard gecko zombie (D:5)
  A quokka zombie (D:6)
  8 rats
216 creatures vanquished.

Vanquished Creatures (others)
  A shadow imp (D:7)
  A quokka (D:7)
2 creatures vanquished.

Grand Total: 218 creatures vanquished

Notes
Turn   | Place    | Note
-------+----------+-------------------------------------------
     0 | D:1      | kae the Hill Orc Fighter began the quest for the Orb.
     0 | D:1      | Reached XP level 1. HP: 19/19 MP: 1/1
    40 | D:1      | Reached skill level 3 in Axes
   143 | D:1      | Reached XP level 2. HP: 26/26 MP: 2/2
   243 | D:1      | Reached skill level 4 in Axes
   494 | D:1      | Reached XP level 3. HP: 31/31 MP: 3/3
   856 | D:2      | Found an iron altar of Okawaru.
   866 | D:2      | Became a worshipper of Warmaster Okawaru
   917 | D:2      | Reached skill level 5 in Axes
  1357 | D:2      | Reached skill level 1 in Invocations
  1357 | D:2      | Reached XP level 4. HP: 33/39 MP: 4/4
  1391 | D:2      | Found a hazy altar of Hepliaklqana.
  1898 | D:2      | Found a shimmering blue altar of Sif Muna.
  2153 | D:3      | Reached skill level 6 in Axes
  2434 | D:3      | Found a bloodstained altar of Trog.
  2435 | D:3      | Found an opulent altar of Gozag.
  2659 | D:4      | Reached XP level 5. HP: 27/45 MP: 6/6
  2824 | D:4      | Found a shimmering altar of Xom.
  3075 | D:4      | Reached skill level 7 in Axes
  3281 | D:4      | Reached XP level 6. HP: 34/51 MP: 8/8
  3385 | D:4      | Noticed a phantom
  3410 | D:4      | Killed a phantom
  3410 | D:4      | Reached * piety under Okawaru
  3529 | D:4      | Noticed an ice beast
  3538 | D:4      | Killed an ice beast
  3538 | D:4      | Reached skill level 8 in Axes
  3543 | D:4      | Reached XP level 7. HP: 38/57 MP: 8/10
  3669 | D:4      | Found a sacrificial altar of Ru.
  4061 | D:4      | Reached skill level 9 in Axes
  4062 | D:4      | Reached ** piety under Okawaru
  4209 | D:4      | Reached skill level 5 in Invocations
  4242 | D:4      | Found a radiant altar of Vehumet.
  4242 | D:4      | Found a shattered altar of Ashenzari.
  4365 | D:5      | Entered Level 5 of the Dungeon
  4587 | D:5      | Found a staircase to the Ecumenical Temple.
  4597 | D:5      | Reached skill level 10 in Axes
  4597 | D:5      | Reached XP level 8. HP: 63/64 MP: 9/12
  4715 | D:5      | Found a runed translucent door.
  4716 | D:5      | Noticed Crazy Yiuf
  4815 | D:5      | Noticed Prince Ribbit
  4836 | D:5      | Killed Prince Ribbit
  4836 | D:5      | Reached skill level 11 in Axes
  5115 | D:5      | Noticed Edmund
  5126 | D:5      | Killed Edmund
  5689 | D:5      | Killed Crazy Yiuf
  5990 | D:6      | Got a twitching silver ring
  6001 | D:6      | Reached *** piety under Okawaru
  6075 | D:6      | You fall into a shaft and drop 1 floor!
  6125 | D:7      | Reached skill level 12 in Axes
  6129 | D:7      | HP: 2/64 [killer bee (6)]
  6137 | D:7      | Reached XP level 9. HP: 43/70 MP: 12/14
  6362 | D:7      | Identified the ring of the Crushed Friends {*Corrode +Blink
                  | rPois rC+ MR+} (You found it on level 6 of the Dungeon)
  6387 | D:7      | Found a hide-covered altar of Uskayaw.
  6805 | D:7      | Found a blossoming altar of Fedhas.
  6849 | D:7      | Reached skill level 13 in Axes
  7262 | D:7      | Found Netwouno's Assorted Antiques.
  7270 | D:7      | Bought a scroll labeled QUICAX GYULI for 35 gold pieces
  7354 | D:7      | Found Useups's Assorted Antiques.
  7372 | D:7      | Bought a red potion for 18 gold pieces
  7390 | D:7      | Found a blossoming altar of Fedhas.
  8045 | D:7      | Reached **** piety under Okawaru
  8265 | D:6      | Reached skill level 14 in Axes
  8715 | D:8      | Reached XP level 10. HP: 77/77 MP: 15/17
  8734 | D:8      | Reached skill level 10 in Invocations
  8760 | D:8      | Noticed Blork the orc
  8772 | D:8      | Killed Blork the orc
  9004 | D:8      | Got a scorched triple sword
  9016 | D:8      | Identified the +9 triple sword "Osoarop" {pain, +Blink
                  | rPois rF+} (You found it on level 8 of the Dungeon)
  9042 | D:8      | Reached skill level 1 in Long Blades
  9453 | D:8      | Noticed a two-headed ogre
  9463 | D:8      | Killed a two-headed ogre
  9463 | D:8      | Reached skill level 5 in Long Blades
  9987 | D:8      | Reached ***** piety under Okawaru
 10632 | D:9      | HP: 3/77 [orc warrior/+0 scimitar (19)]
 10633 | D:9      | Slain by an orc warrior

Levels and vault maps discovered:
D:1:      mrwooster_arrival_arrow, layout_basic
D:2:      layout_basic, led_sif_pool, nicolae_overflow_hidden_temple,
          overflow_temple_1_default, minmay_misc_feat_cross
D:3:      layout_basic, gammafunk_temple_overflow_pools, first_ration
D:4:      minmay_angry_zag, layout_loops_ring, overflow_temple_1_default,
          kennysheep_little_box, gammafunk_temple_overflow_elements
D:5:      corexii_shantytown, layout_basic, minmay_temple_entry_hall,
          hangedman_decor_push, grunt_decor_cap, uniq_prince_ribbit1,
          uniq_crazy_yiuf_cottage, uniq_edmund
D:6:      layout_basic
D:7:      layout_basic, nicolae_overflow_crystal_walls, lemuel_crystal_altar,
          serial_shops, nicolae_shop_overgrown_old_shop, shop,
          fedhas_bush_and_centaur_altar
D:8:      layout_basic, blue_anna_alchemist [blue_anna_fruit_fields,
          blue_anna_fruit_fields], sword_in_stone
D:9:      layout_loops_ring, erik_lair_orcish_takeover, ebering_ghost_xom

Skill      XL: |  1  2  3  4  5  6  7  8  9 10 |
---------------+-------------------------------+-----
Axes           | 3 4 5 6 7 8 10 12 14 | 14.8
Invocations    | 1 2 3 4 5 7 9 10 | 10.3
Long Blades    | 6 |  6.2
Fighting       | |  3.6
Armour         | |  3.2
Shields        | |  3.2

Action                   |  1- 3 |  4- 6 |  7- 9 | 10-12 || total
-------------------------+-------+-------+-------+-------++-------
Melee: War axe           |   120 |   130 |   386 |    47 ||   683
       Unarmed           |       |       |     3 |       ||     3
       Triple sword      |       |       |       |    75 ||    75
Invok: Heroism           |       |       |     9 |     3 ||    12
Evoke: Wand              |       |       |     2 |     1 ||     3
  Use: Scroll            |     6 |     5 |    10 |     2 ||    23
       Potion            |       |     1 |     4 |       ||     5
 Stab: Paralysed         |       |       |     4 |       ||     4
       Distracted        |       |       |       |     1 ||     1
  Eat: Chunk             |     1 |     8 |    16 |     6 ||    31
Armor: Scale mail        |    68 |    38 |    80 |    46 ||   232
Dodge: Dodged            |    54 |    34 |    80 |    61 ||   229
Block: Shield            |    64 |    59 |   190 |    17 ||   330
       Rpst.: Triple sword |       |       |       |    14 ||    14

Table legend:
 A = Non-vault XP
 B = Vault XP
 C = Vault XP percentage of total XP
 D = Non-vault monster count
 E = Vault monster count
 F = Vault count percentage of total count
                 A         B        C        D         E       F
            +---------+---------+-------+---------+---------+-------
      Total |    6230 |    1390 |  18.2 |     175 |      41 |  19.0
            +---------+---------+-------+---------+---------+-------
        D:1 |      44 |       0 |   0.0 |      26 |       0 |   0.0
        D:2 |      87 |       0 |   0.0 |      11 |       0 |   0.0
        D:3 |      25 |       0 |   0.0 |      12 |       0 |   0.0
        D:4 |     717 |     127 |  15.0 |      26 |       4 |  13.3
        D:5 |     427 |     608 |  58.7 |      12 |      31 |  72.1
        D:6 |     916 |       0 |   0.0 |      21 |       0 |   0.0
        D:7 |    1450 |     115 |   7.3 |      30 |       1 |   3.2
        D:8 |    2364 |     540 |  18.6 |      26 |       5 |  16.1
        D:9 |     200 |       0 |   0.0 |      11 |       0 |   0.0
            +---------+---------+-------+---------+---------+-------
